 Dungeon Crawl Stone Soup version 0.17.1-3-g152610e (webtiles) character file.

38661 Shtopit the Basher (level 14, -2/92 HPs)
             Began as a Gargoyle Berserker on May 1, 2016.
             Was the Champion of Trog.
             Slain by an orc warrior
             ... wielding a +0 hand axe
              (14 damage)
             ... on level 4 of the Orcish Mines.
             The game lasted 01:22:35 (20848 turns).

Shtopit the Basher (Gargoyle Berserker)            Turns: 20848, Time: 01:22:36

Health: -2/92      AC: 42    Str: 26    XL:     14   Next: 3%
Magic:  14/14      EV:  8    Int:  6    God:    Trog [******]
Gold:   2403       SH: 11    Dex:  7    Spells: 0 memorised, 13 levels left

rFire  . . .     SeeInvis .     l - +2 flail (protect)
rCold  . . .     Clarity  .     Q - +0 plate armour
rNeg   + + .     SustAt   .     V - +0 shield {AC+3}
rPois  ∞         Gourm    .     A - +2 helmet
rElec  +         Spirit   .     p - +0 cloak
rCorr  .         Warding  +     (no gloves)
rMut   .         Stasis   .     (no boots)
MR     +....                    f - amulet of warding
Stlth  ..........               (no ring)
                                h - +3 ring of protection

@: exhausted, slowed, very slow, somewhat resistant to hostile enchantments,
extremely unstealthy
A: big wings, talons 1, yellow scales 1, clumsy 1, dopey 1, negative energy
resistance 1, screaming 1, electricity resistance, slow regeneration 1,
unbreathing, petrification resistance, rot immunity, subdued magic 1, AC +9
a: Fly, Berserk, Trog's Hand, Brothers in Arms, Burn Spellbooks, Renounce
Religion


You were on level 4 of the Orcish Mines.
You worshipped Trog.
Trog was exalted by your worship.
You were near starving.

You visited 2 branches of the dungeon, and saw 18 of its levels.
You also visited: Ossuary, Bailey and Ice Cave.

You collected 2403 gold pieces.

Inventory:

Hand Weapons
 e - a +1 antimagic mace
 g - a +2 morningstar of holy wrath
 l - a +2 flail of protection (weapon)
 B - a +0 blowgun
 I - a +1 whip of freezing
 K - a +1 antimagic dire flail
 Y - a +8 antimagic quick blade
Missiles
 D - 30 poisoned needles
 G - 6 needles of frenzy
 H - 45 tomahawks of returning (quivered)
 Z - 7 curare-tipped needles
Armour
 p - a +0 cloak (worn)
 r - an ice dragon hide
 A - a +2 helmet (worn)
 Q - a +0 plate armour (worn)
 V - a +0 shield of protection (worn)
Jewellery
 f - an amulet of warding (around neck)
 h - a +3 ring of protection (left hand)
Wands
 t - a wand of cold (8)
 v - a wand of slowing (20)
 F - a wand of cold (11)
 M - a wand of magic darts (27)
 N - a wand of confusion (40)
 P - a wand of slowing (6)
 R - a wand of invisibility (2)
 S - a wand of disintegration (9)
 T - a wand of draining (11)
 W - a wand of magic darts (16)
 X - a wand of lightning (12)
Scrolls
 a - 2 scrolls of recharging
 i - 8 scrolls of remove curse
 o - a scroll of fear
 q - 4 scrolls of teleportation
 w - 4 scrolls of immolation
 x - 6 scrolls of identify
 C - 4 scrolls of holy word
 U - 6 scrolls of fog
Potions
 b - 3 potions of haste
 d - 4 potions of curing
 j - 3 potions of brilliance
 n - 7 potions of flight
 E - 2 potions of cancellation
 L - a potion of might
Miscellaneous
 y - a plain deck of summoning
 O - a phantom mirror
Comestibles
 c - 10 bread rations
 k - 4 meat rations
 m - 16 fruits
 s - 4 chunks of flesh
 J - 7 beef jerkies


   Skills:
 + Level 12.2 Fighting
 + Level 13.9 Maces & Flails
 + Level 11.5 Armour
 + Level 8.2 Dodging
 + Level 2.6 Stealth
 + Level 8.1 Shields
 + Level 0.3 Evocations


You had 13 spell levels left.
You didn't know any spells.

Dungeon Overview and Level Annotations

Branches:
Dungeon (14/15)            Temple (0/1) D:7            Lair (0/8) D:8
    Orc (4/4) D:12            Elf (0/3) Orc:3        Vaults (0/5) D:14

Altars:
Ashenzari
Cheibriados
Dithmenos
Elyvilon
Kikubaaqudgha
Nemelex Xobeh
Sif Muna
Xom

Shops:
D:4 :   Orc:4 (:[


Innate Abilities, Weirdness & Mutations

You are resistant to torment.
Your stone body is resilient (AC +9).
You are immune to poison.
Your large and strong wings let you fly indefinitely.
You resist negative energy.
You are resistant to electric shocks.
You can survive without breathing.
You are immune to petrification.
You are immune to rotting.
You have sharp toenails.
You are partially covered in yellow scales (AC +2).
You are clumsy. (Dex -2)
You are dopey. (Int -2)
You occasionally shout uncontrollably at your foes.
You regenerate slowly when monsters are visible.
Your spells are a little easier to cast, but a little less powerful.


Message History

The orc high priest utters an invocation to Beogh.
The orc high priest is healed somewhat.
The orc knight hits you but does no damage.
The orc warrior hits you but does no damage.
The orc knight roars a battlecry!
The orc warrior goes into a battle-frenzy!
The orc knight barely misses you. You block the orc high priest's attack.
You completely miss the orc high priest.
Your kick misses the orc high priest.
The orc high priest is severely wounded.
You block the orc warrior's attack. The orc knight closely misses you.
The orc knight hits you with a dire flail.
* * * LOW HITPOINT WARNING * * *
You block the orc high priest's attack.
The orc warrior hits you but does no damage.
You sock the orc high priest! Your kick misses the orc high priest.
The orc high priest is almost dead.
The orc warrior hits you but does no damage.
The orc warrior hits you with a hand axe!
You die...

....:..∩..P..##.##...#..#.....#$.
.............#.......#...#....#..
..........PP.##.....###...#...##.
#..P......P.......####....o......
#.....P...........###............
#....................#.#..#......
##..##.#......#..h....#..........
########)...#.o#oo....#.........
#.[.....o@ooo.............
###)......o##oo.............
..###......PP.###o............
#..#.#..P...PP.##............
#..........8................
...........................
..........∩...............
.........P...............
......PP.P........


You could see 2 orc knights, an orc high priest, a warg, 3 orc warriors, an orc
priest (frenzied) and 3 orcs.

Vanquished Creatures
  An orc warlord (Orc:4)
  An ice dragon (Orc:1)
  An orc high priest (Orc:3)
  A death yak (IceCv)
  The ghost of Alipheese the Cleaver, a novice NaFi of Cheibriados (D:8)
  3 skeletal warriors (D:13)
  4 hill giants
  Pikel (D:7)
  5 orc knights
  An ugly thing (D:12)
  An orc sorcerer (Orc:4)
  2 centaur zombies (D:12)
  2 gargoyles
  An ice statue (IceCv)
  5 trolls
  8 polar bears
  3 two-headed ogres
  2 wyverns (D:10)
  18 yaks
  6 humans (D:14)
  The ghost of Alipheese the Chopper, an amateur NaFi (D:3)
  A hippogriff (D:12)
  4 deep elf magi
  A deep elf fighter (D:8)
  A wraith (D:14)
  Grum (D:11)
  2 hungry ghosts
  A mottled dragon (D:12)
  16 wolves
  7 wargs
  A water moccasin (D:10)
  22 orc warriors
  A necrophage (D:8)
  An ice beast (D:4)
  4 phantoms
  2 sky beasts (D:6)
  11 ogres
  6 centaurs
  20 big kobolds
  Blork the orc (Orc:2)
  A crocodile (D:9)
  7 giant frogs
  A wyvern zombie (D:6)
  2 wyvern skeletons
  4 scorpions
  7 crimson imps
  4 electric eels
  14 hounds
  A wasp zombie (D:9)
  A jelly (D:8)
  A giant frog zombie (D:12)
  17 orc priests
  2 giant frog skeletons
  2 centaur skeletons
  5 iguanas
  17 worker ants
  25 orc wizards
  A big kobold zombie (Ossuary)
  2 hound zombies
  A hound skeleton (D:7)
  8 mummies (Ossuary)
  A worker ant zombie (D:10)
  Robin (D:4)
  16 adders
  25 gnolls
  3 river rats (D:8)
  2 shadow imps
  8 worms
  7 giant geckos
  131 orcs
  2 ball pythons
  2 giant cockroaches
  29 hobgoblins
  10 jackals
  14 bats
  4 giant newts
  3 gnoll zombies (Ossuary)
  58 goblins
  A hobgoblin zombie (Ossuary)
  A jackal skeleton (D:6)
  44 kobolds
  A kobold zombie (Ossuary)
  2 orc zombies (Ossuary)
  4 quokkas
  14 rats
  A fungus (Orc:4)
  A plant (D:8)
679 creatures vanquished.

Vanquished Creatures (collateral kills)
  The ghost of Goblin1989 the Severer, a journeyman DDGl of Ru (D:14)
  A white draconian (IceCv)
  3 vault guards (D:14)
  A wizard (D:14)
  2 necromancers (D:14)
  An orc sorcerer (Orc:4)
  An orc knight (Orc:4)
  4 polar bears (IceCv)
  4 yaks (IceCv)
  12 humans (D:14)
  4 orc warriors
34 creatures vanquished.

Vanquished Creatures (others)
  A polar bear (IceCv)
  2 yaks (IceCv)
  4 wolves (IceCv)
  A necrophage (D:7)
  An ogre (D:7)
  A phantom (D:7)
  A slave (D:7)
  6 killer bees (D:7)
  A hound (D:7)
  A giant gecko zombie (D:7)
  8 fungi
  2 plants (D:8)
29 creatures vanquished.

Grand Total: 742 creatures vanquished

Notes
Turn   | Place    | Note
--------------------------------------------------------------
     0 | D:1      | Shtopit the Gargoyle Berserker began the quest for the Orb.
     0 | D:1      | Reached XP level 1. HP: 14/14 MP: 1/1
    38 | D:1      | Reached XP level 2. HP: 2/19 MP: 2/2
   790 | D:1      | Reached XP level 3. HP: 21/24 MP: 3/3
   812 | D:1      | Reached ** piety under Trog
  1439 | D:2      | Reached skill level 4 in Fighting
  1447 | D:2      | Reached XP level 4. HP: 24/29 MP: 4/4
  2224 | D:3      | Found a shimmering altar of Xom.
  2275 | D:3      | Noticed Alipheese's ghost (amateur NaFi)
  2312 | D:3      | Killed Alipheese's ghost
  2312 | D:3      | Reached XP level 5. HP: 29/34 MP: 5/5
  2312 | D:3      | Reached XP level 6. HP: 32/39 MP: 6/6
  2481 | D:3      | Found a sparkling altar of Nemelex Xobeh.
  2803 | D:3      | Reached skill level 1 in Stealth
  2885 | D:3      | Reached *** piety under Trog
  3171 | D:4      | Got a sheer robe
  3331 | D:4      | Reached skill level 5 in Maces & Flails
  3331 | D:4      | Reached XP level 7. HP: 17/44 MP: 7/7
  3638 | D:4      | Reached skill level 5 in Fighting
  3782 | D:4      | Identified the +2 robe of Absence {*Drain rF+ rCorr Int+6} (You found it on level 4 of the Dungeon)
  3806 | D:4      | Noticed Robin
  3815 | D:4      | Killed Robin
  4099 | D:4      | Found Futiff's Book Shop.
  4174 | D:5      | Entered Level 5 of the Dungeon
  4253 | D:5      | Found an ancient bone altar of Kikubaaqudgha.
  4277 | D:5      | Reached skill level 5 in Armour
  4313 | D:5      | Found a sand-covered staircase.
  4328 | Ossuary  | Entered an ossuary
  4354 | Ossuary  | Reached XP level 8. HP: 47/51 MP: 8/8
  4779 | D:5      | Reached skill level 6 in Maces & Flails
  4902 | D:5      | Reached **** piety under Trog
  5786 | D:6      | Reached ***** piety under Trog
  5893 | D:6      | Reached skill level 7 in Maces & Flails
  5893 | D:6      | Reached XP level 9. HP: 56/56 MP: 9/9
  5940 | D:6      | Received a gift from Trog
  6411 | D:6      | Reached skill level 5 in Dodging
  7207 | D:7      | Found a snail-covered altar of Cheibriados.
  7295 | D:7      | Noticed Pikel
  7328 | D:7      | Killed Pikel
  7328 | D:7      | Reached skill level 8 in Fighting
  7447 | D:7      | Found a shattered altar of Ashenzari.
  7577 | D:7      | Reached XP level 10. HP: 64/64 MP: 10/10
  7849 | D:7      | Found a staircase to the Ecumenical Temple.
  8354 | D:8      | Gained mutation: You occasionally shout uncontrollably at your foes. [potion of mutation]
  8354 | D:8      | Gained mutation: You are frail (-10% HP). [potion of mutation]
  8354 | D:8      | Gained mutation: You are dopey. (Int -2) [potion of mutation]
  8421 | D:8      | Found a white marble altar of Elyvilon.
  8671 | D:8      | Reached skill level 9 in Maces & Flails
  8683 | D:8      | Received a gift from Trog
  8796 | D:8      | Noticed Alipheese's ghost (novice NaFi)
  8813 | D:8      | Killed Alipheese's ghost
  8827 | D:8      | Found a deep blue altar of Sif Muna.
  9154 | D:8      | Found a staircase to the Lair.
  9163 | D:8      | Reached skill level 10 in Maces & Flails
  9706 | D:9      | Reached XP level 11. HP: 59/63 MP: 11/11
  9718 | D:9      | Found a shadowy altar of Dithmenos.
 10485 | D:9      | Received a gift from Trog
 10674 | D:10     | Entered Level 10 of the Dungeon
 10990 | D:10     | Noticed a hill giant
 11001 | D:10     | Killed a hill giant
 11449 | D:11     | You fall through a shaft for 3 floors!
 11449 | D:14     | Noticed a hill giant
 11464 | D:14     | Killed a hill giant
 11464 | D:14     | Reached skill level 11 in Maces & Flails
 11566 | D:14     | Reached skill level 10 in Fighting
 11568 | D:14     | Noticed a necromancer
 11577 | D:14     | Noticed a vault guard
 11580 | D:14     | Killed a necromancer
 11585 | D:14     | Killed a vault guard
 11594 | D:14     | Noticed Goblin1989's ghost (journeyman DDGl)
 11598 | D:14     | Killed Goblin1989's ghost
 11599 | D:14     | Noticed a vault guard
 11602 | D:14     | Killed a vault guard
 11603 | D:14     | Noticed a wizard
 11603 | D:14     | Killed a wizard
 11607 | D:14     | Noticed a necromancer
 11608 | D:14     | Noticed a vault guard
 11614 | D:14     | Killed a vault guard
 11616 | D:14     | Killed a necromancer
 11616 | D:14     | Received a gift from Trog
 11638 | D:14     | Reached XP level 12. HP: 42/70 MP: 12/12
 11709 | D:14     | Found a gate to the Vaults.
 12077 | D:12     | Reached skill level 12 in Maces & Flails
 12166 | D:12     | Reached skill level 1 in Shields
 12427 | D:12     | Reached skill level 10 in Armour
 12646 | D:11     | Noticed a hill giant
 12649 | D:11     | Noticed Grum
 12664 | D:10     | Killed a hill giant
 12920 | D:11     | Killed Grum
 13661 | D:11     | Noticed a hill giant
 13669 | D:11     | Killed a hill giant
 14062 | D:12     | Found a staircase to the Orcish Mines.
 14239 | D:12     | Received a gift from Trog
 14388 | D:12     | Gained mutation: Your spells are a little easier to cast, but a little less powerful. [potion of mutation]
 14388 | D:12     | Gained mutation: You are clumsy. (Dex -2) [potion of mutation]
 14389 | D:12     | Gained mutation: You have sharp toenails. [potion of mutation]
 15041 | Orc:1    | Entered Level 1 of the Orcish Mines
 15443 | Orc:1    | Found a frozen archway.
 15445 | Orc:1    | Noticed an ice dragon
 15446 | Orc:1    | Reached XP level 13. HP: 73/75 MP: 13/13
 15466 | Orc:1    | Reached skill level 13 in Maces & Flails
 15497 | Orc:1    | Killed an ice dragon
 15497 | Orc:1    | Reached skill level 5 in Shields
 15519 | IceCv    | Entered an ice cave
 16612 | IceCv    | Received a gift from Trog
 16991 | IceCv    | Noticed a white draconian
 17010 | IceCv    | Killed a white draconian
 17763 | Orc:2    | Reached ****** piety under Trog
 17884 | Orc:2    | Noticed Blork the orc
 18185 | Orc:2    | Killed Blork the orc
 18889 | Orc:3    | Found a flagged portal.
 18931 | Bailey   | Entered a bailey
 19040 | Bailey   | Received a gift from Trog
 19105 | Bailey   | Lost mutation: You are frail (-10% HP). [potion of mutation]
 19105 | Bailey   | Gained mutation: You regenerate slowly when monsters are visible. [potion of mutation]
 19105 | Bailey   | Gained mutation: You are partially covered in yellow scales (AC +2). [potion of mutation]
 19779 | Orc:3    | Found a staircase to the Elven Halls.
 19954 | Orc:4    | Entered Level 4 of the Orcish Mines
 19954 | Orc:4    | Found Onleeko's Antique Weapon Boutique.
 20195 | Orc:4    | Paralysed by an orc sorcerer for 2 turns
 20333 | Orc:4    | Found Epist's Antique Armour Emporium.
 20349 | Orc:4    | Found Usemuc's Book Boutique.
 20376 | Orc:4    | Received a gift from Trog
 20792 | Orc:4    | Noticed an orc warlord
 20823 | Orc:4    | Killed an orc warlord
 20823 | Orc:4    | Gained mutation: Your large and strong wings let you fly indefinitely. [Gargoyle growth]
 20823 | Orc:4    | Reached XP level 14. HP: 92/92 MP: 14/14
 20848 | Orc:4    | Slain by an orc warrior

Action                   |  1- 3 |  4- 6 |  7- 9 | 10-12 | 13-15 || total
-------------------------+-------+-------+-------+-------+-------++-------
Melee: Mace              |   117 |   154 |   282 |       |       ||   553
       Flail             |       |       |   501 |    86 |   685 ||  1272
       Great mace        |       |       |       |   526 |       ||   526
       Morningstar       |       |       |       |   318 |   102 ||   420
 Fire: Blowgun           |       |       |       |       |     1 ||     1
Invok: Berserk           |     1 |     1 |     4 |     9 |    11 ||    26
       Burn Spellbooks   |       |       |       |     1 |     1 ||     2
       Brothers in Arms  |       |       |       |     2 |     3 ||     5
Evoke: Wand              |       |       |       |       |     2 ||     2
  Use: Scroll            |       |       |     9 |     7 |     4 ||    20
       Potion            |       |       |     6 |     8 |     6 ||    20
 Stab: Fleeing           |       |       |       |       |     1 ||     1
       Invisible         |       |       |       |       |     1 ||     1
  Eat: Chunk             |     3 |     6 |    19 |    41 |    27 ||    96
       Pizza             |       |       |     1 |       |     1 ||     2
       Beef jerky        |       |       |       |     1 |       ||     1
       Fruit             |       |       |       |     2 |     1 ||     3
       Royal jelly       |       |       |       |     1 |       ||     1
